 Dungeon Crawl Stone Soup version 0.30-a0-222-ge547ba4400 (webtiles) character file.

Game seed: 5950853406725029019

3421 qw the Cleaver (level 10, 0/63 HPs)
             Began as a Gargoyle Fighter on Oct 8, 2022.
             Killed by divine providence
             ... invoked by an orc priest
              (12 damage)
             ... on level 8 of the Dungeon.
             The game lasted 00:02:24 (5606 turns).

qw the Cleaver (Gargoyle Fighter)                   Turns: 5606, Time: 00:02:25

Health: 0/63       AC: 24    Str: 22    XL:     10   Next: 5%
Magic:  10/10      EV: 10    Int: 10    God:
Gold:   1413       SH:  9    Dex:  9    Spells: 9/9 levels left

rFire   . . .      SeeInvis .    Y - +2 war axe (elec)
rCold   . . .      Faith    .    c - +0 buckler
rNeg    + . .      Spirit   .    j - +0 plate armour
rPois   inf        Reflect  +    i - +0 helmet
rElec   +          Harm     .    (no cloak)
rCorr   .          Rampage  .    n - +1 pair of gloves
Will    .....                    (no boots)
Stlth   ..........               r - amulet of Voxtilua {Reflect Str+3 SH+5}
HPRegen 0.30/turn                e - +4 ring of evasion
MPRegen 0.12/turn                (no ring)

@: about to teleport
A: sickness immunity, AC +7, negative energy resistance 1, electricity
resistance, torment resistance 1, petrification resistance, mutation resistance
1, weak 2
a: no special abilities


You were on level 8 of the Dungeon.
You visited 1 branch of the dungeon, and saw 8 of its levels.
You also visited: Sewer.

You collected 1413 gold pieces.


Innate Abilities, Weirdness & Mutations

You are immune to sickness and miasma.
Your stone body is resilient. (AC +7)
You are immune to poison.
You resist negative energy. (rN+)
You are resistant to electric shocks. (rElec)
You are resistant to unholy torment.
You are immune to petrification.
You are somewhat resistant to further mutation.
You are very weak. (Str -4)


   Skills:
 + Level 7.0 Fighting
 - Level 10.0 Axes
 - Level 2.0 Throwing
 - Level 7.1 Armour
 - Level 1.2 Dodging
 - Level 4.2 Shields


You had 9 spell levels left.
You didn't know any spells.
Your spell library was empty.

Inventory:

Hand Weapons
 t - a +0 flail
 Y - a +2 war axe of electrocution (weapon)
Missiles
 l - 2 javelins (quivered)
Armour
 b - a +2 scale mail of cold resistance
 c - a +0 buckler (worn)
 i - a +0 helmet (worn)
 j - a +0 plate armour (worn)
 n - a +1 pair of gloves (worn)
Jewellery
 e - a +4 ring of evasion (left hand)
 r - the amulet of Voxtilua (around neck) {Reflect Str+3 SH+5}
   (You found it on level 3 of the Dungeon)

   [amulet of reflection]

   It reflects blocked missile attacks.
   Str:       It affects your strength (+3).
   SH:        It affects your SH (+5).
Scrolls
 p - 7 scrolls of identify
 s - 3 scrolls of teleportation
Potions
 a - 2 potions of curing
 d - a potion of might
 g - 3 potions of resistance
 h - a potion of attraction
 k - 2 potions of mutation
 m - 4 potions of haste

Dungeon Overview and Level Annotations

Branches:
Dungeon (8/15)             Temple (0/1) D:7           Sewer (visited)
   Lair: D:8-11

Altars:
Ashenzari

Shops:
D:6 :

Annotations:
D:6 1 runed translucent door, Crazy Yiuf


Message History

You slash the kobold! Lightning courses through the kobold!
You kill the kobold!
You block the killer bee's attack.
The killer bee stings you but does no damage.
The kobold throws a stone.
The stone closely misses you.
The orc priest casts a cantrip, but nothing happens.
You barely miss the killer bee.
The killer bee is severely wounded.
You closely miss the kobold brigand.
The killer bee stings you but does no damage.
The killer bee barely misses you. The kobold brigand misses you.
You slash the killer bee!
Lightning courses through the killer bee!!
You kill the killer bee!
You closely miss the kobold brigand. The kobold brigand barely misses you.
You completely miss the kobold brigand.
The kobold brigand is lightly wounded.
You hit the kobold brigand but do no damage.
Lightning courses through the kobold brigand!!
The kobold brigand is almost dead.
You hit the kobold. The kobold closely misses you.
You block the kobold brigand's attack.
You hit the kobold brigand.
You kill the kobold brigand!
You hit the kobold.
You kill the kobold!
An orc comes into view. It is wielding a +0 hand axe.
The orc priest calls down the wrath of Beogh upon you.
Beogh smites you!
The orc shouts!
Your Armour skill increases to level 7!
5606 ||| READING 4 scrolls of teleportation.
As you read the scroll of teleportation, it crumbles to dust.
You feel strangely unstable.
You hear a shout!
You block the orc warrior's attack.
The orc priest mumbles some strange prayers to Beogh against you.
Beogh smites you!
You die...

# ##.###..............#
...###..............#
...#.................#
#..##.................#
......................#
.# .#.................#
#. #.[...............#
###.##................#
.#.>.<=.....@)........##
............#o#####.....#
..........o...# ##.......
#...........### .........
#######.....# #..........
#.....# #..........
###.o.# ......>....
#...######. #..........


You could see an orc warrior, an orc priest and an orc.

Vanquished Creatures
  Pikel (D:7)
  Prince Ribbit (D:6)
  A warg (D:8)
  A steam dragon (D:6)
  Menkaure (D:7)
  Duvessa (D:7)
  A water moccasin (D:6)
  Pargi (Sewer)
  An ice beast (D:5)
  A lemure (D:7)
  4 centaurs
  A kobold brigand (D:8)
  A necrophage (D:8)
  5 scorpions
  5 wights (D:7)
  Dowan (D:7)
  5 killer bees (D:8)
  2 howler monkeys (D:7)
  3 hounds
  A jelly (D:6)
  2 gnoll boudas (D:6)
  An orc priest (D:8)
  Jessica (D:3)
  Natasha (D:2)
  6 iguanas
  4 orc wizards
  6 gnolls (D:6)
  13 adders
  2 white imps (D:8)
  2 worms
  4 dart slugs
  6 orcs
  5 ball pythons
  4 endoplasms
  3 giant cockroaches
  5 goblins
  7 hobgoblins
  5 jackals
  8 kobolds
  3 quokkas
  5 bats
  7 frilled lizards
  4 rats
142 creatures vanquished.

Notes
Turn   | Place    | Note
-------+----------+-------------------------------------------
     0 | D:1      | qw the Gargoyle Fighter began the quest for the Orb.
     0 | D:1      | Reached XP level 1. HP: 14/14 MP: 1/1
     0 | D:1      | 0 ||| qw: Version: 0.2-a-17-g06abaee
     0 | D:1      | 0 ||| qw: Game counter: 2015
     0 | D:1      | 0 ||| qw: Always use a shield: true
     0 | D:1      | 0 ||| qw: God list: Okawaru
     0 | D:1      | 0 ||| qw: Allow faded altars: false
     0 | D:1      | 0 ||| qw: Do Orc after D:15 true
     0 | D:1      | 0 ||| qw: Do second Lair branch before Depths: true
     0 | D:1      | 0 ||| qw: Lair rune preference: random
     0 | D:1      | 0 ||| qw: Plans: Normal, Zot:1-4, God:TSO, Crypt, Tomb,
                  | Pan, Slime:5, Hells, Abyss, Orb
     0 | D:1      | 0 ||| PLANNING D:1-11
    24 | D:1      | 24 ||| Stepping ~*~*~tactically~*~*~ (hiding).
    30 | D:1      | Reached skill level 2 in Axes
   196 | D:1      | Reached XP level 2. HP: 15/19 MP: 2/2
   242 | D:1      | 242 ||| Stepping ~*~*~tactically~*~*~ (hiding).
   287 | D:1      | 287 ||| Stepping ~*~*~tactically~*~*~ (stealth).
   288 | D:1      | 288 ||| Stepping ~*~*~tactically~*~*~ (stealth).
   488 | D:1      | Reached skill level 3 in Axes
   628 | D:1      | 628 ||| Stepping ~*~*~tactically~*~*~ (stealth).
   629 | D:1      | 629 ||| Stepping ~*~*~tactically~*~*~ (stealth).
   644 | D:1      | Reached XP level 3. HP: 23/23 MP: 3/3
   771 | D:1      | 771 ||| DROPPING +2 ring mail of poison resistance.
   772 | D:1      | 772 ||| UPGRADING to +4 ring of evasion.
   773 | D:1      | 773 ||| READING scroll labelled GUERAW HEBEEN.
   774 | D:1      | 774 ||| READING scroll labelled GOUVEN AJULLOE.
   775 | D:1      | 775 ||| READING scroll labelled JUAWOA PI RIU.
   776 | D:1      | 776 ||| READING scroll labelled ELOEFEPTUTUO.
   777 | D:1      | 777 ||| DRINKING 2 red potions.
   778 | D:1      | 778 ||| DROPPING potion of brilliance.
   799 | D:2      | Found a broken altar of Ashenzari.
  1100 | D:2      | Reached skill level 4 in Axes
  1100 | D:2      | Reached XP level 4. HP: 11/28 MP: 4/4
  1197 | D:2      | Noticed Natasha
  1198 | D:2      | 1198 ||| Stepping ~*~*~tactically~*~*~ (stealth).
  1211 | D:2      | Killed Natasha
  1283 | D:2      | 1283 ||| DROPPING +0 club.
  1417 | D:2      | 1417 ||| UPGRADING to +0 helmet.
  1422 | D:2      | 1422 ||| READING scroll labelled ITEREK TUTOY.
  1422 | D:2      | Identified a scroll of acquirement
  1422 | D:2      | 1422 ||| ACQUIRING 935 gold pieces
  1422 | D:2      | Acquired 935 gold pieces
  1424 | D:2      | 1424 ||| DRINKING 2 glowing clear potions.
  1425 | D:2      | 1425 ||| DRINKING 2 viscous pink potions.
  1438 | D:3      | 1438 ||| Stepping ~*~*~tactically~*~*~ (stealth).
  1674 | D:3      | Reached XP level 5. HP: 32/32 MP: 5/5
  1738 | D:3      | Noticed Jessica
  1739 | D:3      | 1739 ||| Stepping ~*~*~tactically~*~*~ (hiding).
  1746 | D:3      | 1746 ||| Stepping ~*~*~tactically~*~*~ (hiding).
  1747 | D:3      | 1747 ||| Stepping ~*~*~tactically~*~*~ (hiding).
  1752 | D:3      | 1752 ||| Stepping ~*~*~tactically~*~*~ (hiding).
  1758 | D:3      | Killed Jessica
  1921 | D:3      | Identified the amulet of Voxtilua {Reflect Str+3 SH+5}
  1959 | D:3      | 1959 ||| UPGRADING to +0 pair of gloves.
  1964 | D:3      | 1964 ||| UPGRADING to amulet of Voxtilua {Reflect Str+3
                  | SH+5}.
  1969 | D:3      | 1969 ||| READING scroll labelled VOUCEM FIUSK.
  1973 | D:3      | 1973 ||| READING scroll labelled CIULAI MOLAF.
  1974 | D:3      | 1974 ||| DRINKING 2 brown potions.
  1974 | D:3      | Gained mutation: You are weak. (Str -2) [potion of
                  | mutation]
  1974 | D:3      | Gained mutation: You are somewhat resistant to further
                  | mutation. [potion of mutation]
  1974 | D:3      | Gained mutation: You are very weak. (Str -4) [potion of
                  | mutation]
  1993 | D:4      | 1993 ||| PLANNING SEWER
  2009 | D:4      | Reached skill level 5 in Axes
  2247 | D:4      | 2247 ||| DROPPING +0 whip.
  2384 | D:4      | Reached skill level 1 in Dodging
  2384 | D:4      | Reached XP level 6. HP: 38/38 MP: 6/6
  2436 | D:4      | Found a glowing drain.
  2437 | D:4      | 2437 ||| READING scroll labelled RORYVU TUCEGEH.
  2438 | D:4      | 2438 ||| READING 2 scrolls labelled CATOID TEUGIA.
  2439 | D:4      | 2439 ||| READING scroll labelled VEASSE JOMNYNY.
  2440 | D:4      | 2440 ||| READING 6 scrolls of identify.
  2440 | D:4      | 2440 ||| IDENTIFYING silvery potion
  2441 | D:4      | 2441 ||| READING 5 scrolls of identify.
  2441 | D:4      | 2441 ||| IDENTIFYING bubbling cyan potion
  2442 | D:4      | 2442 ||| READING 4 scrolls of identify.
  2442 | D:4      | 2442 ||| IDENTIFYING coppery potion
  2443 | D:4      | 2443 ||| DROPPING potion of flight.
  2444 | D:4      | 2444 ||| DROPPING scroll of poison.
  2453 | Sewer    | Entered a sewer
  2488 | Sewer    | Noticed Pargi
  2500 | Sewer    | Killed Pargi
  2599 | Sewer    | 2599 ||| READING 2 scrolls labelled PIATEC OGAS.
  2600 | Sewer    | 2600 ||| READING scroll of brand weapon.
  2600 | Sewer    | 2600 ||| BRANDING +1 war axe of venom.
  2601 | Sewer    | 2601 ||| READING 2 scrolls labelled ZUSEORCHIUQ.
  2602 | Sewer    | 2602 ||| READING scroll labelled YMPAEH BUEGI.
  2603 | Sewer    | 2603 ||| DROPPING scroll of blinking.
  2608 | D:4      | 2608 ||| PLANNING D:1-11
  2667 | D:5      | Entered Level 5 of the Dungeon
  2667 | D:5      | Noticed an ice beast
  2671 | D:5      | Killed an ice beast
  2672 | D:5      | Reached skill level 6 in Axes
  2672 | D:5      | Reached XP level 7. HP: 21/43 MP: 7/7
  2968 | D:5      | Reached skill level 7 in Axes
  3004 | D:5      | 3004 ||| DROPPING +1 mace of holy wrath.
  3235 | D:5      | Reached XP level 8. HP: 48/49 MP: 8/8
  3687 | D:5      | 3687 ||| READING scroll labelled VIS PO GUESSI.
  3688 | D:5      | 3688 ||| READING 7 scrolls of identify.
  3688 | D:5      | 3688 ||| IDENTIFYING fizzy green potion
  3689 | D:5      | 3689 ||| DROPPING potion of degeneration.
  3766 | D:6      | 3766 ||| Stepping ~*~*~tactically~*~*~ (stealth).
  3768 | D:6      | 3768 ||| FLEEEEING.
  3771 | D:6      | 3771 ||| STAIRDANCE
  3821 | D:6      | 3821 ||| Stepping ~*~*~tactically~*~*~ (stealth).
  3872 | D:6      | 3872 ||| READING scroll of enchant weapon.
  3872 | D:6      | 3872 ||| ENCHANTING +1 war axe of electrocution.
  3876 | D:6      | Noticed Prince Ribbit
  3897 | D:6      | 3897 ||| Stepping ~*~*~tactically~*~*~ (stealth).
  3898 | D:6      | Killed Prince Ribbit
  3899 | D:6      | Reached skill level 8 in Axes
  3902 | D:6      | 3902 ||| Stepping ~*~*~tactically~*~*~ (hiding).
  3945 | D:6      | 3945 ||| Stepping ~*~*~tactically~*~*~ (stealth).
  4003 | D:6      | 4003 ||| DRINKING 2 potions of curing.
  4003 | D:6      | 4003 ||| (to cure confusion)
  4006 | D:6      | Reached skill level 6 in Fighting
  4126 | D:6      | Found Jenait's Book Emporium.
  4219 | D:6      | 4219 ||| READING scroll of enchant armour.
  4219 | D:6      | 4219 ||| ENCHANTING +0 pair of gloves.
  4252 | D:6      | Found a runed translucent door.
  4253 | D:6      | Noticed Crazy Yiuf
  4407 | D:6      | 4407 ||| UPGRADING to +0 plate armour.
  4417 | D:6      | 4417 ||| DROPPING +0 scale mail.
  4418 | D:6      | 4418 ||| READING scroll labelled ACIUNK OLIRI.
  4503 | D:7      | Noticed Pikel
  4517 | D:7      | Killed Pikel
  4518 | D:7      | Reached XP level 9. HP: 36/56 MP: 9/9
  4552 | D:7      | Noticed Menkaure
  4553 | D:7      | 4553 ||| FLEEEEING.
  4554 | D:7      | 4554 ||| FLEEEEING.
  4567 | D:7      | 4567 ||| FLEEEEING.
  4568 | D:7      | 4568 ||| FLEEEEING.
  4569 | D:7      | 4569 ||| Stepping ~*~*~tactically~*~*~ (hiding).
  4579 | D:7      | Killed Menkaure
  4580 | D:7      | Reached skill level 9 in Axes
  4611 | D:7      | Noticed Dowan
  4613 | D:7      | Noticed Duvessa
  4614 | D:7      | 4614 ||| Stepping ~*~*~tactically~*~*~ (hiding).
  4620 | D:7      | Killed Duvessa
  4623 | D:7      | Killed Dowan
  4663 | D:7      | Found a staircase to the Ecumenical Temple.
  4700 | D:7      | Reached skill level 6 in Armour
  4775 | D:7      | 4775 ||| Stepping ~*~*~tactically~*~*~ (stealth).
  4785 | D:7      | 4785 ||| Stepping ~*~*~tactically~*~*~ (hiding).
  4786 | D:7      | 4786 ||| Stepping ~*~*~tactically~*~*~ (hiding).
  4787 | D:7      | 4787 ||| Stepping ~*~*~tactically~*~*~ (hiding).
  4931 | D:7      | 4931 ||| Stepping ~*~*~tactically~*~*~ (hiding).
  4934 | D:7      | 4934 ||| Stepping ~*~*~tactically~*~*~ (hiding).
  4935 | D:7      | 4935 ||| Stepping ~*~*~tactically~*~*~ (hiding).
  5132 | D:7      | 5132 ||| Stepping ~*~*~tactically~*~*~ (hiding).
  5494 | D:8      | 5494 ||| Stepping ~*~*~tactically~*~*~ (stealth).
  5496 | D:8      | 5496 ||| Stepping ~*~*~tactically~*~*~ (hiding).
  5561 | D:8      | 5561 ||| Stepping ~*~*~tactically~*~*~ (hiding).
  5573 | D:8      | Reached skill level 10 in Axes
  5576 | D:8      | HP: 13/57 [killer bee (6)]
  5577 | D:8      | 5577 ||| READING 5 scrolls of teleportation.
  5578 | D:8      | 5578 ||| DRINKING potion of heal wounds.
  5587 | D:8      | 5587 ||| Stepping ~*~*~tactically~*~*~ (stealth).
  5588 | D:8      | 5588 ||| Stepping ~*~*~tactically~*~*~ (stealth).
  5590 | D:8      | 5590 ||| Stepping ~*~*~tactically~*~*~ (stealth).
  5599 | D:8      | Reached XP level 10. HP: 20/63 MP: 10/10
  5605 | D:8      | HP: 11/63 [orc priest/divine providence (11)]
  5606 | D:8      | 5606 ||| READING 4 scrolls of teleportation.
  5606 | D:8      | Killed from afar by an orc priest

Levels and vault maps discovered:
D:1:      scummos_arrival_star, layout_basic, minmay_quantized
D:2:      layout_basic, basic_altar, uniq_natasha
D:3:      layout_basic, uniq_jessica
D:4:      layout_rooms, portal_sewer_entry_d
D:5:      nicolae_cairo_tiling_large, layout_layer_cave
D:6:      layout_rooms, serial_shops, nicolae_diamond_shop,
          uniq_crazy_yiuf_cottage, uniq_prince_ribbit1
D:7:      layout_loops_ring, minmay_temple_entry_grid,
          chequers_decorated_corner, uniq_duvessa, uniq_pikel, uniq_menkaure
D:8:      minmay_chambers_of_fours, layout_rooms,
          mainiacjoe_overflow_six_doors_small, erik_lair_orcish_takeover,
          dk_rats_in_the_wall

Skill      XL: |  1  2  3  4  5  6  7  8  9 10 |
---------------+-------------------------------+-----
Axes           | 2 3 4 5 6 7 8 10 | 10.0
Fighting       | 4 5 6 7 |  7.0
Dodging        | 1 |  1.2
Throwing       | 2 |  2.0
Armour         | 5 6 7 |  7.1
Shields        | 4 |  4.2

Action                   |  1- 3 |  4- 6 |  7- 9 | 10-12 || total
-------------------------+-------+-------+-------+-------++-------
Melee: War axe           |   121 |   185 |   192 |     7 ||   505
Throw: Javelin           |       |       |     8 |       ||     8
  Use: Scroll            |     4 |    13 |     6 |     1 ||    24
       Potion            |     1 |     3 |     2 |       ||     6
Armor: Scale mail        |    44 |    84 |    29 |       ||   157
       Plate armour      |       |       |    55 |     2 ||    57
Dodge: Dodged            |    68 |   102 |    79 |     5 ||   254
Block: Buckler           |    20 |    83 |    81 |     6 ||   190
       Reflection        |       |     1 |     5 |       ||     6

Table legend:
 A = Non-vault XP
 B = Vault XP
 C = Vault XP percentage of total XP
 D = Non-vault monster count
 E = Vault monster count
 F = Vault count percentage of total count
                 A         B        C        D         E       F
            +---------+---------+-------+---------+---------+-------
      Total |    3174 |    1714 |  35.1 |     119 |      22 |  15.6
            +---------+---------+-------+---------+---------+-------
        D:1 |      35 |       8 |  18.6 |      19 |       3 |  13.6
        D:2 |      72 |      35 |  32.7 |      18 |       1 |   5.3
        D:3 |      20 |      37 |  64.9 |      10 |       1 |   9.1
        D:4 |     148 |      14 |   8.6 |      13 |       1 |   7.1
        D:5 |     676 |       0 |   0.0 |      11 |       0 |   0.0
        D:6 |     771 |     274 |  26.2 |      21 |       1 |   4.5
        D:7 |     961 |     935 |  49.3 |      15 |       4 |  21.1
        D:8 |     491 |     223 |  31.2 |      12 |       2 |  14.3
      Sewer |       0 |     188 | 100.0 |       0 |       9 | 100.0
            +---------+---------+-------+---------+---------+-------
